Map: Tourmaline LE

Players

龙羽幽

  • Race: Terran Terran
  • League: Diamond

JunFu - Winner!

  • Race: Protoss Protoss
  • League: Master

VOD

Have the link to the VOD?

Description

Time

  • Played on: June 5, 2026, 3:03 a.m.
  • Length: 12:32
Show
View Real Time Build Order
Export as new Build Order

龙羽幽 Terran 

Build Orders: Reaper Expand 

Get SALT Encoding   

  12  0:00  SCV  
  13  0:12  SCV  
  14  0:17  Supply Depot  
  14  0:24  SCV  
  15  0:38  SCV  
  15  0:39  Barracks  
  16  0:43  Refinery  
  16  0:50  SCV  
  17  1:02  SCV  
  18  1:15  SCV  
  19  1:29  Reaper  
  19  1:30  Orbital Command  
  20  1:40  Command Center  
  20  1:48  Supply Depot  
  20  1:57  SCV  
  20  2:00  Marine  
  22  2:09  SCV  
  22  2:13  Factory  
  23  2:15  Bunker  
  23  2:21  SCV  
  24  2:26  Barracks Reactor  
  24  2:27  Refinery  
  24  2:35  SCV  
  25  2:47  SCV  
  26  2:58  Hellion, Starport  
  28  3:00  Orbital Command  
  28  3:01  SCV  
  29  3:06  Marine x2  
  31  3:13  SCV  
  32  3:21  Factory Tech Lab  
  32  3:22  Supply Depot  
  32  3:24  Marine x2  
  32  3:25  SCV  
  35  3:31  Factory Tech Lab  
  34  3:41  Marine  
  34  3:42  Marine, Viking  
  34  3:45  SCV  
  34  3:46  SCV  
  40  3:54  Cyclone  
  43  3:58  SCV x2  
  43  3:59  Marine x2  
  47  4:10  SCV x2  
  49  4:22  SCV x2  
  49  4:23  Marine x2  
  49  4:24  Starport Tech Lab, Barracks  
  53  4:27  Barracks  
  53  4:28  Engineering Bay  
  53  4:29  Refinery  
  53  4:32  Supply Depot  
  53  4:35  Cyclone, SCV  
  57  4:41  SCV  
  57  4:43  Marine x2  
  60  4:47  SCV  
  61  4:53  SCV  
  61  4:54  Supply Depot  
  61  4:59  Supply Depot, Terran Infantry Weapons Level 1  
  62  5:04  SCV  
  62  5:06  SCV  
  64  5:16  SCV  
  64  5:17  Marine x2, Supply Depot  
  64  5:18  SCV  
  64  5:20  Starport Reactor, Factory Reactor  
  68  5:28  SCV  
  68  5:29  Marauder x2, Combat Shield  
  68  5:30  Stimpack, SCV  
  74  5:37  Refinery  
  74  5:39  Marine  
  74  5:40  Marine  
  74  5:41  Supply Depot  
  75  5:47  SCV  
  75  5:49  SCV  
  77  5:51  Marauder x2  
  81  5:57  Marine  
  81  5:58  Marine  
  81  5:59  SCV  
  81  6:00  Medivac x2  
  81  6:01  Widow Mine  
  81  6:02  Widow Mine  
  90  6:14  Supply Depot x2, Marauder x2  
  90  6:15  Marine  
  95  6:22  Widow Mine  
  95  6:23  Widow Mine  
  99  6:28  Supply Depot  
  99  6:30  Medivac  
  101  6:34  Marine  
  101  6:35  Marine, Marauder x2  
  101  6:36  Medivac  
  104  6:52  Marine  
  104  6:53  Marine  
  106  6:56  Supply Depot  
  106  6:57  Marauder x2, SCV x2  
  106  6:59  Widow Mine x2  
  106  7:00  Medivac, Concussive Shells  
  118  7:06  Medivac  
  120  7:08  Terran Infantry Armor Level 1  
  120  7:14  Supply Depot  
  120  7:20  Marine x2, Marauder x2  
  120  7:22  Widow Mine x2  
  130  7:32  Command Center  
  130  7:42  Marine x2, Marauder x2  
  131  7:56  Barracks  
  131  7:57  Barracks  
  120  8:00  Marine  
  120  8:03  Marauder  
  120  8:04  Marauder  
  106  8:14  Marine  
  106  8:15  Medivac x2  
  106  8:16  Widow Mine x2  
  106  8:17  Marine  
  112  8:25  Engineering Bay, Marauder x2  
  112  8:26  Armory  
  116  8:27  Ghost Academy  
  116  8:32  Marine, SCV  
  116  8:33  SCV  
  119  8:45  Medivac  
  119  8:46  Marauder  
  115  8:51  Marine  
  115  8:52  Marauder  
  115  8:55  Barracks Tech Lab, Barracks Reactor, Marine  
  108  8:56  SCV x2  
  110  9:09  SCV x2, Marine  
  115  9:16  Ghost x3  
  115  9:17  Marine  
  115  9:22  Orbital Command  
  120  9:24  SCV  
  120  9:25  Refinery x2  
  120  9:30  SCV  
  122  9:32  Terran Infantry Weapons Level 2  
  122  9:33  Terran Infantry Armor Level 2  
  122  9:37  SCV  
  123  9:41  Personal Cloaking  
  123  9:42  SCV  
  124  9:49  SCV x2  
  124  10:01  Ghost x2  
  124  10:02  Marine x2  
  124  10:03  Marine x2, Marauder  
  114  10:16  Terran Ship Weapons Level 1, SCV x3  
  114  10:20  Marine x2  
  109  10:24  Marauder  
  112  10:28  SCV x2  
  112  10:29  SCV  
  112  10:31  Marauder  
  116  10:40  Command Center, SCV x2  
  116  10:41  Barracks  
  116  10:42  Barracks  
  118  10:43  Barracks  
  118  10:44  Marine x4, Marauder  
  118  10:48  Medivac  
  126  10:51  Medivac  
  128  11:03  Ghost  
  128  11:04  Marine  
  128  11:05  Marine x3, Marauder  
  128  11:06  SCV x2  
  128  11:08  SCV  
  139  11:12  Supply Depot, Widow Mine  
  139  11:16  Supply Depot  
  139  11:26  Medivac x2  
  139  11:30  Ghost x2  
  139  11:31  Barracks Tech Lab  
  147  11:33  Barracks Tech Lab, Barracks Reactor  
  147  11:39  Marine x2, Marauder  
  151  11:40  Marine  
  141  11:52  Marine x2  
  141  11:53  Marauder  
  121  11:56  Medivac x2, Widow Mine  
  121  11:59  Marauder  
  112  12:07  Marauder x2, Marine  
  112  12:08  Marine x2  
Show
View Real Time Build Order
Export as new Build Order

JunFu Protoss - Winner!

Build Orders: 1 Gate Expand, Oracle Opening, Phoenix Opening 

Get SALT Encoding   

  12  0:01  Probe  
  13  0:13  Probe  
  14  0:18  Pylon  
  14  0:25  Probe  
  15  0:33  Probe  
  15  0:38  Gateway  
  15  0:42  Probe  
  16  0:46  Assimilator  
  17  0:53  Probe  
  18  1:05  Probe  
  19  1:17  Probe  
  20  1:22  Nexus  
  20  1:31  Cybernetics Core  
  20  1:35  Probe  
  21  1:40  Assimilator  
  21  1:47  Probe  
  22  1:50  Pylon  
  22  1:56  Stalker  
  22  1:59  Probe  
  25  2:11  Probe  
  26  2:23  Probe, Stargate  
  27  2:30  Adept  
  27  2:35  Probe  
  27  2:36  Probe  
  31  2:37  Pylon  
  31  2:41  Warp Gate  
  31  2:47  Probe  
  31  2:48  Probe  
  33  2:58  Oracle  
  33  2:59  Probe  
  33  3:00  Probe  
  35  3:10  Probe  
  35  3:11  Probe  
  40  3:18  Probe  
  40  3:23  Twilight Council, Probe  
  40  3:27  Probe  
  43  3:35  Probe  
  43  3:39  Probe  
  43  3:40  Charge  
  45  3:47  Phoenix  
  45  3:48  Probe  
  48  3:51  Probe, Nexus  
  49  3:56  Assimilator  
  49  4:00  Probe  
  49  4:01  Gateway  
  50  4:06  Probe  
  51  4:11  Gateway  
  51  4:13  Pylon  
  51  4:18  Probe  
  51  4:19  Probe  
  53  4:24  Pylon  
  53  4:30  Probe  
  54  4:31  Probe, Oracle, Forge  
  54  4:34  Zealot  
  54  4:36  Protoss Ground Weapons Level 1  
  60  4:42  Probe  
  60  4:43  Pylon, Probe  
  62  4:54  Probe  
  62  4:55  Gateway, Probe  
  62  4:56  Gateway  
  62  4:59  Gateway  
  64  5:00  Oracle  
  64  5:03  Pylon  
  64  5:04  Probe  
  65  5:13  Probe  
  65  5:14  Probe  
  70  5:18  Zealot  
  70  5:19  Zealot  
  70  5:20  Probe  
  75  5:23  Zealot  
  75  5:25  Probe  
  75  5:26  Probe  
  79  5:32  Probe  
  80  5:37  Probe, Oracle  
  80  5:38  Probe  
  80  5:41  Zealot x2  
  89  5:44  Pylon, Probe  
  89  5:48  Forge  
  89  5:49  Probe  
  91  5:52  Zealot x2  
  91  5:54  Zealot  
  91  5:55  Zealot  
  99  6:04  Protoss Ground Armor Level 1  
  99  6:06  Blink  
  99  6:07  Nexus, Zealot  
  99  6:10  Pylon  
  101  6:11  Zealot  
  101  6:16  Probe x2  
  105  6:21  Protoss Ground Weapons Level 2  
  105  6:22  Pylon  
  105  6:23  Probe  
  106  6:28  Probe x2  
  106  6:32  Zealot x3  
  114  6:35  Probe  
  109  6:44  Zealot  
  109  6:45  Zealot x2  
  109  6:46  Probe x2  
  111  6:54  Stalker x2  
  111  6:56  Gateway  
  111  6:57  Probe  
  111  6:59  Gateway  
  117  7:01  Probe  
  117  7:03  Stalker  
  117  7:05  Gateway  
  117  7:07  Gateway, Probe  
  120  7:10  Stalker  
  120  7:11  Stalker  
  120  7:15  Probe  
  125  7:16  Pylon  
  125  7:19  Probe x2  
  125  7:21  Pylon  
  125  7:22  Probe  
  128  7:23  Stalker  
  128  7:27  Pylon  
  128  7:28  Robotics Facility  
  128  7:29  Stalker  
  132  7:30  Probe  
  132  7:32  Probe x2  
  125  7:44  Zealot x4  
  125  7:47  Zealot  
  133  7:55  Zealot x3  
  127  8:04  Zealot x4  
  127  8:05  Zealot x2, Protoss Ground Armor Level 2  
  118  8:07  Zealot  
  118  8:19  Zealot x3  
  110  8:27  Zealot x4  
  110  8:28  Zealot  
  110  8:29  Nexus  
  120  8:37  Pylon  
  120  8:38  Zealot  
  120  8:39  Pylon  
  120  8:40  Zealot x2  
  116  8:48  Protoss Ground Weapons Level 3  
  116  8:50  Immortal  
  116  8:51  Zealot  
  116  8:52  Zealot x5  
  107  9:01  Zealot x2  
  113  9:12  Zealot x3  
  113  9:13  Zealot  
  113  9:16  Zealot  
  123  9:22  Probe  
  124  9:24  Observer  
  124  9:26  Stalker x3  
  124  9:30  Probe  
  133  9:31  Probe  
  133  9:34  Probe  
  134  9:39  Stalker x3  
  134  9:42  Probe  
  141  9:52  Zealot x2  
  143  9:55  Nexus, Zealot x2  
  141  10:09  Zealot x4  
  141  10:10  Probe x2  
  104  10:23  Stalker x4  
  110  10:30  Probe  
  110  10:31  Zealot x3  
  110  10:32  Pylon, Zealot  
  110  10:35  Gateway  
  119  10:37  Gateway  
  119  10:39  Warp Prism, Gateway  
  119  10:41  Zealot  
  121  10:48  Zealot x4  
  131  10:54  Stalker x3  
  137  11:00  Zealot  
  139  11:08  Zealot x4  
  147  11:13  Gateway  
  147  11:15  Gateway, Observer  
  147  11:17  Zealot x3  
  154  11:24  Stalker  
  148  11:34  Zealot x3  
  148  11:35  Zealot x4  
  148  11:38  Zealot x3  
  140  11:58  Zealot x2  
  140  11:59  Zealot x8  
  140  12:00  Zealot  
  136  12:14  Zealot  
  136  12:15  Zealot  
  134  12:20  Zealot x2  
  134  12:21  Zealot x8  
  154  12:23  Zealot  
  156  12:30  Nexus  
Tags
 
Add a new tag
Caveats
  • Supply blocks, unpowered buildings, or Contaminate may cause inaccurate times.
  • Supply counts are checked every 10 seconds.